 Dungeon Crawl Stone Soup version 0.29-a0-393-g47a863cc1b (webtiles) character file.

Game seed: 16657207221137761741

22621 HendSelp the Grappler (level 13, -8/81 HPs)
             Began as an Octopode Transmuter on May 11, 2022.
             Was an Initiate of Gozag.
             Mangled by an ice devil (12 damage)
             ... in an ice cave.
             The game lasted 00:23:00 (17089 turns).

HendSelp the Grappler (Octopode Transmuter)        Turns: 17089, Time: 00:23:01

Health: -8/81      AC:  9    Str: 14    XL:     13   Next: 1%
Magic:  18/25      EV: 13    Int: 15    God:    Gozag
Gold:   218        SH:  0    Dex: 13    Spells: 7/29 levels left

rFire   + . .      SeeInvis .     - Unarmed
rCold   . . .      Faith    .   (shield currently unavailable)
rNeg    . . .      Spirit   .   (helmet restricted)
rPois   .          Reflect  .   C - amulet of regeneration
rElec   .          Harm     .   f - +4 ring of protection
rCorr   +          Rampage  .   g - ring of wizardry
Will    .....                   s - ring of protection from fire
Stlth   ++........              r - ring of resist corrosion
HPRegen 1.03/turn               l - +4 ring of protection
MPRegen 0.19/turn               (no ring)
                                (no ring)
                                (no ring)

@: blade tentacles, wereblooded, gold aura, on berserk cooldown, slowed, very
slow
A: almost no armour, amphibious, 8 rings, camouflage 1, gelatinous body 1,
(nimble swimmer 1), tentacles
a: End Transformation, Renounce Religion, Potion Petition, Call Merchant, Bribe
Branch


You were in an ice cave.
You worshipped Gozag.
Gozag was aware of your devotion.
You had blades for main tentacles.
You visited 2 branches of the dungeon, and saw 13 of its levels.
You also visited: Ice Cave.

You collected 2629 gold pieces.
You spent 1176 gold pieces at shops.
You paid 1235 gold pieces to Gozag.

Inventory:

Missiles
 d - 51 poisoned darts
 q - a throwing net
Jewellery
 b - a ring of protection from fire
 f - a +4 ring of protection (left blade tentacle)
 g - a ring of wizardry (right blade tentacle)
 h - an amulet of the acrobat
 l - a +4 ring of protection (on tentacle)
 r - a ring of resist corrosion (on tentacle)
 s - a ring of protection from fire (on tentacle)
 C - an amulet of regeneration (around mantle)
Wands
 m - a wand of flame (52)
 u - a wand of mindburst (23)
 z - a wand of paralysis (2)
Scrolls
 c - a scroll of enchant weapon
 i - 7 scrolls of teleportation
 n - a scroll of fear
 o - 2 scrolls of magic mapping
 y - a scroll of brand weapon
Potions
 a - a potion of lignification
 e - 2 potions of magic
 k - 2 potions of berserk rage {unknown}
 p - a potion of mutation {unknown}
 t - a potion of cancellation {unknown}
 w - a potion of brilliance {unknown}
 x - 3 potions of curing
Miscellaneous
 v - a box of beasts


   Skills:
 + Level 4.8 Fighting
 - Level 2.0 Dodging
 + Level 14.2 Unarmed Combat
 + Level 8.9 Spellcasting
 * Level 12.7 Transmutations


You had 7 spell levels left.
You knew the following spells:

 Your Spells              Type           Power      Damage    Failure   Level
a - Beastly Appendage     Tmut           88%        N/A       2%          1
b - Wereblood             Tmut           44%        N/A       2%          2
c - Spider Form           Tmut/Pois      25%        N/A       9%          3
d - Ice Form              Ice/Tmut       25%        N/A       17%         4
e - Storm Form            Tmut/Air       12%        N/A       99%         7
f - Blade Hands           Tmut           22%        N/A       8%          5

Your spell library contained the following spells:

 Spells                   Type           Power      Damage    Failure   Level
 Foxfire                  Conj/Fire      24%        2x1d5     21%         1
 Shock                    Conj/Air       24%        1d4       21%         1
 Ensorcelled Hibernation  Hex/Ice        12%        N/A       28%         2
 Irradiate                Conj/Tmut      12%        3d17      32%         5
 Conjure Flame            Conj/Fire      6%         6-21      41%         3
 Inner Flame              Hex/Fire       6%         N/A       41%         3
 Swiftness                Air            6%         N/A       41%         3
 Dragon Form              Tmut           22%        N/A       52%         7
 Airstrike                Air            3%         N/A       71%         4
 Anguish                  Hex/Necr       3%         N/A       71%         4
 Flame Wave               Conj/Fire      6%         2d5       71%         4
 Olgreb's Toxic Radiance  Pois           6%         N/A       71%         4
 Summon Lightning Spire   Summ/Air       6%         N/A       71%         4
 Iskenderun's Battlesphe  Conj           6%         2d6       93%         5
 Iron Shot                Conj/Erth      3%         9d2       100%        6
 Ozocubu's Refrigeration  Ice            3%         4d5       100%        7
 Spellforged Servitor     Conj/Summ      3%         N/A       100%        7
 Ignition                 Fire           3%         3d4       100%        8
 Maxwell's Capacitive Co  Air            3%         ∞         100%        8


Dungeon Overview and Level Annotations

Branches:
Dungeon (12/15)            Temple (1/1) D:4            Lair (0/6) D:11
    Orc (0/2) D:12          IceCv (1/1)

Altars:
Ashenzari
Cheibriados
Dithmenos
Elyvilon
Fedhas
Gozag
Hepliaklqana
Kikubaaqudgha
Makhleb
Nemelex Xobeh
Okawaru
Qazlal
Ru
Sif Muna
Trog
Uskayaw
Vehumet
Wu Jian
Xom
Yredelemnul
Zin
The Shining One
Jiyva

Shops:
D:8 [=?:(

Annotations:
D:10 2 transporters, holysushi's ghost, journeyman KoMo
D:11 3 runed translucent doors, zeratav's ghost, journeyman OpEE


Innate Abilities, Weirdness & Mutations

You have blades for main tentacles.
Your spellcasting is less reliable in this form.
You are incapable of wielding weapons or throwing items.
You cannot wear most types of armour.
You are amphibious.
You can wear up to eight rings at the same time.
Your skin changes colour to match your surroundings (Stealth+).
Your rubbery body absorbs attacks. (AC +1, EV +1)
((You are camouflaged when in or above water. (Stealth+)))
You have tentacles for arms and can constrict up to eight enemies at once.


Message History

* * * LOW HITPOINT WARNING * * *
The entropy weaver simulacrum freezes you.
You resist.
* * * LOW HITPOINT WARNING * * *
The entropy weaver simulacrum hits you.
* * * LOW HITPOINT WARNING * * *
The entropy weaver simulacrum freezes you.
You resist.
* * * LOW HITPOINT WARNING * * *
The entropy weaver simulacrum hits you but does no damage. x2
You pummel the entropy weaver simulacrum!!
The entropy weaver simulacrum vaporises!
You feel a bit better.
You have reached level 13!
You feel a strong urge to attack something.
Your transformation is almost over.
Unknown command.
You feel your anger nearly subside.
You howl as the wereblood boils in your veins!
You are no longer berserk.
You are exhausted.
You feel yourself slow down.
You feel much better.
You howl as the wereblood boils in your veins!
Unknown command.
You feel much better.
The ice devil hits you but does no damage.
The ice devil hits you! The ice devil freezes you. You resist.
The ice devil hits you but does no damage.
The ice devil barely misses you.
Unknown command.
Casting: Wereblood (safe; 1% risk of failure)
Confirm with . or Enter, or press ? or * to list all spells.
You warm up again.
Your main tentacles turn into razor-sharp scythe blades.
The ice devil hits you! The ice devil freezes you!!
* * * LOW HITPOINT WARNING * * *
The ice devil hits you!
You die...
Your body crumbles into a pile of gold.

.# .## ○○ ..# ##° ....
#### #☼4 .....
##..###### .§###.....
##....##..## .○#......
#.........4###Z$......
#.∩.∩....@4.#°$$......
#.......##Z...##......
##....#####.Z## .....
##..## #### .... ####
.#. #


You could see 2 ice devils, a naga simulacrum and a troll simulacrum.

Vanquished Creatures
  Josephine (D:10)
  A centaur warrior (D:10)
  3 two-headed ogres
  An orc knight (D:10)
  Pikel (D:8)
  A cyclops (D:12)
  2 manticores (D:11)
  2 gargoyles
  Psyche (D:8)
  Maggie (D:8)
  An efreet (D:10)
  An entropy weaver simulacrum (IceCv)
  4 komodo dragons
  3 trolls
  A hornet (D:11)
  6 slime creatures (D:12)
  A vampire (D:9)
  16 yaks
  4 wyverns
  5 wraiths (D:10)
  2 basilisks (D:11)
  6 steam dragons
  6 vampire mosquitoes
  An acid dragon (D:11)
  A water moccasin (D:8)
  2 sky beasts
  8 orc warriors
  A black bear (D:6)
  16 centaurs
  3 kobold brigands
  8 bullfrogs
  3 gnoll sergeants
  2 scorpions (D:6)
  35 wights
  5 howler monkeys
  13 killer bees
  5 electric eels (D:9)
  6 crimson imps (D:11)
  A jelly (D:7)
  12 orc priests
  2 hounds
  11 orc wizards
  3 iguanas
  2 spriggan simulacra (IceCv)
  A wolf simulacrum (IceCv)
  8 gnolls (D:5)
  6 adders
  A shadow imp (D:11)
  4 white imps
  3 ufetubi
  3 worms
  A dart slug (D:5)
  24 orcs
  6 ball pythons
  8 endoplasms
  13 giant cockroaches
  5 goblins
  4 hobgoblins
  5 jackals
  15 kobolds
  3 quokkas
  7 bats
  A frilled lizard (D:3)
  5 rats
333 creatures vanquished.

Vanquished Creatures (others)
  An orc (D:9)
  77 plants (D:9)
78 creatures vanquished.

Grand Total: 411 creatures vanquished

Notes
Turn   | Place    | Note
-------+----------+-------------------------------------------
     0 | D:1      | HendSelp the Octopode Transmuter began the quest for the
                  | Orb.
     0 | D:1      | Reached XP level 1. HP: 13/13 MP: 3/3
   182 | D:1      | Reached XP level 2. HP: 4/18 MP: 3/5
   434 | D:1      | Learned a level 2 spell: Wereblood
   627 | D:1      | Found a faded altar of an unknown god.
  1416 | D:2      | Reached XP level 3. HP: 22/23 MP: 4/6
  1645 | D:2      | Reached XP level 4. HP: 28/28 MP: 7/7
  1648 | D:2      | Reached skill level 4 in Unarmed Combat
  2040 | D:2      | Learned a level 3 spell: Spider Form
  2385 | D:3      | Reached XP level 5. HP: 26/33 MP: 7/9
  2576 | D:3      | You fall into a shaft and drop 1 floor!
  3381 | D:4      | Found a staircase to the Ecumenical Temple.
  3391 | Temple   | Entered the Ecumenical Temple
  4235 | D:4      | Learned a level 4 spell: Ice Form
  4251 | D:5      | Entered Level 5 of the Dungeon
  4378 | D:5      | Noticed a centaur
  4388 | D:5      | Killed a centaur
  4389 | D:5      | Reached XP level 6. HP: 29/38 MP: 9/11
  4523 | D:5      | Reached XP level 7. HP: 32/43 MP: 4/12
  4788 | D:6      | Reached skill level 5 in Unarmed Combat
  4832 | D:6      | Reached skill level 5 in Transmutations
  5442 | D:6      | Reached XP level 8. HP: 34/48 MP: 10/14
  5446 | D:6      | Reached skill level 6 in Unarmed Combat
  6103 | D:6      | Reached skill level 7 in Unarmed Combat
  6603 | D:6      | Found an opulent altar of Gozag.
  6603 | D:6      | Found a faded altar of an unknown god.
  6610 | D:6      | Found a glowing silver altar of Zin.
  6613 | D:6      | Became a worshipper of Gozag Ym Sagoz the Greedy
  6616 | D:6      | Found an ornate altar of the Wu Jian Council.
  6618 | D:6      | Found a hazy altar of Hepliaklqana.
  6957 | D:7      | Reached skill level 5 in Spellcasting
  7101 | D:7      | Reached XP level 9. HP: 49/54 MP: 13/16
  7187 | D:7      | Reached skill level 8 in Unarmed Combat
  8293 | D:8      | Reached skill level 9 in Unarmed Combat
  8320 | D:8      | Reached XP level 10. HP: 36/61 MP: 14/19
  8329 | D:8      | Noticed Pikel
  8329 | D:8      | Noticed Maggie
  8338 | D:8      | Killed Pikel
  8344 | D:8      | Killed Maggie
  8345 | D:8      | Reached skill level 10 in Unarmed Combat
  8397 | D:8      | HP: 1/62 [poisoned by a gnoll sergeant]
  9088 | D:8      | Noticed Psyche
  9099 | D:8      | Killed Psyche
  9124 | D:8      | Found Gaudupp's Book Shop.
  9131 | D:8      | Found Merag's Antique Weapon Shop.
  9741 | D:8      | Noticed a two-headed ogre
  9753 | D:8      | Killed a two-headed ogre
 10034 | D:8      | Found Kafudy's Magic Scroll Shop.
 10185 | D:8      | Reached skill level 11 in Unarmed Combat
 10535 | D:8      | Reached XP level 11. HP: 67/67 MP: 11/21
 10600 | D:8      | Reached skill level 10 in Transmutations
 10654 | D:8      | Found Rabry's Antique Armour Emporium.
 12054 | D:9      | Reached skill level 12 in Unarmed Combat
 12756 | D:9      | Found a shadowy altar of Dithmenos.
 12756 | D:9      | Found a basalt altar of Yredelemnul.
 12897 | D:8      | Bought a book of the Sky for 616 gold pieces
 12905 | D:8      | Learned a level 7 spell: Storm Form
 12928 | D:10     | Entered Level 10 of the Dungeon
 12930 | D:10     | Found a transporter.
 12935 | D:10     | Found a bloodstained altar of Trog.
 12935 | D:10     | Noticed a tengu warrior
 12936 | D:10     | Noticed holysushi's ghost (journeyman KoMo)
 12939 | D:10     | Noticed a moth of wrath
 12954 | D:10     | Noticed a two-headed ogre
 13570 | D:10     | Found a transporter.
 13632 | D:10     | Noticed Josephine
 13644 | D:10     | Killed Josephine
 13667 | D:10     | Reached XP level 12. HP: 43/74 MP: 23/23
 13930 | D:10     | Noticed a centaur warrior
 13990 | D:10     | Reached skill level 13 in Unarmed Combat
 15120 | D:10     | Killed a centaur warrior
 15874 | D:8      | Bought a book of Transfigurations for 560 gold pieces
 15880 | D:8      | Learned a level 5 spell: Blade Hands
 15952 | D:11     | Found a runed translucent gate.
 15952 | D:11     | Found a runed translucent gate.
 15953 | D:11     | Found a runed translucent gate.
 15954 | D:11     | Noticed zeratav's ghost (journeyman OpEE)
 16056 | D:11     | Noticed a two-headed ogre
 16062 | D:11     | Killed a two-headed ogre
 16605 | D:11     | Found a staircase to the Lair.
 16879 | D:11     | Found a viscous altar of Jiyva.
 16916 | D:12     | Found a staircase to the Orcish Mines.
 16950 | D:12     | Reached skill level 14 in Unarmed Combat
 16982 | D:12     | Found a frozen archway.
 16989 | D:12     | Noticed a two-headed ogre
 16997 | D:12     | Killed a two-headed ogre
 17046 | IceCv    | Entered an ice cave
 17083 | IceCv    | Reached XP level 13. HP: 25/81 MP: 21/25
 17089 | IceCv    | HP: 4/81 [ice devil (21)]
 17089 | IceCv    | Mangled by an ice devil

Illustrated notes

Levels and vault maps discovered:
D:1:      dpeg_arrival_boxorama, layout_loops_ring,
          hellmonk_ecumenical_altar_pennies_from_heaven, minmay_tetromino_i4
D:2:      minmay_roachtagon, layout_rooms, serial_park_tiny_pond,
          minmay_misc_feat_four_crosses
D:3:      layout_basic, minmay_fractal_squares_diagonal_5
D:4:      layout_gridville, minmay_temple_entry_water_ring, nrook_campfire
D:5:      layout_basic
D:6:      layout_basic, chequers_temple_overflow_minitemple
D:7:      layout_basic
D:8:      minmay_s_stair_smasher, layout_basic, serial_shops, shop,
          nicolae_stop_n_shop_1, shop, shop, uniq_psyche, uniq_maggie,
          uniq_pikel
D:9:      layout_loops_ring, amethyst_overflow_temple_binary, serial_bayou,
          serial_bayou_lagoon_a, serial_bayou_lake_a, serial_bayou_shore_b,
          serial_bayou_crossing, serial_bayou_pond_b, nzn_life_drinkers
D:10:     layout_long_grid, gammafunk_ghost_wrathful_warriors,
          minmay_liquid_box, minmay_mirror_moons_of_madness, uniq_josephine
D:11:     layout_roguey, erik_lair_dragon, gammafunk_ghost_ooze,
          minmay_nine_imps
D:12:     layout_rooms, david_orc_3, portal_ice_cave_entry_pillars_1,
          minmay_tree_intersection
Temple:   eino_temple_rhombus
IceCv:    ice_cave_small_demon

Skill      XL: |  1  2  3  4  5  6  7  8  9 10 11 12 |
---------------+-------------------------------------+-----
Unarmed Combat | 4 5 7 9 11 12 14 | 14.2
Transmutations | 3 4 5 6 8 9 11 12 | 12.7
Spellcasting   | 3 4 5 6 7 8 |  8.9
Fighting       | 2 3 4 |  4.8
Dodging        | |  2.0

Action                   |  1- 3 |  4- 6 |  7- 9 | 10-12 | 13-15 || total
-------------------------+-------+-------+-------+-------+-------++-------
Melee: Unarmed           |    68 |   123 |   250 |   511 |       ||   952
       Kick              |    16 |    24 |       |       |       ||    40
       Constrict         |    19 |    19 |     9 |    14 |       ||    61
       Tentacles         |     6 |    14 |     6 |    25 |       ||    51
       Punch             |       |     1 |     4 |     7 |       ||    12
Throw: Throwing net      |       |       |       |     2 |       ||     2
 Cast: Beastly Appendage |    16 |    29 |       |     1 |       ||    46
       Wereblood         |       |     3 |     5 |    18 |       ||    26
       Spider Form       |       |     2 |    33 |     4 |       ||    39
       Ice Form          |       |       |       |    43 |       ||    43
       Blade Hands       |       |       |       |    14 |     1 ||    15
Invok: Potion Petition   |       |       |       |     2 |       ||     2
       Call Merchant     |       |       |       |     1 |       ||     1
Evoke: Wand              |       |       |       |     7 |       ||     7
  Use: Potion            |     1 |     3 |       |    13 |     2 ||    19
       Scroll            |       |     9 |     6 |    10 |       ||    25
 Stab: Sleeping          |     2 |     6 |       |     1 |       ||     9
       Invisible         |       |       |       |     3 |       ||     3
       Distracted        |       |       |       |     3 |       ||     3
Armor: Skin              |    22 |    37 |    40 |   162 |     2 ||   263
Dodge: Dodged            |    48 |    90 |   237 |   315 |     1 ||   691

Table legend: (Time is in decaauts)
 A = Elapsed time spent in this place.
 B = Non-inter-level travel time spent in this place.
 C = Inter-level travel time spent in this place.
 D = Time resting spent in this place.
 E = Time spent auto-exploring this place.
 F = Levels seen in this place.
 G = Mean time per level.
                   A        B        C        D        E       F      G
               +--------+--------+--------+--------+--------+-----+--------+
         Total |  16883 |  16337 |    546 |   2421 |  11427 |  14 | 1205.9 |
       Dungeon |  16689 |  16159 |    530 |   2421 |  11290 |  12 | 1390.8 |
        Temple |    157 |    142 |     15 |      0 |    130 |   1 |  157.0 |
      Ice Cave |     36 |     36 |      0 |      0 |      7 |   1 |   36.0 |
               +--------+--------+--------+--------+--------+-----+--------+

Top non-repeatable levels by time:
    D:10: 2337 daAuts
     D:9: 2248 daAuts
     D:8: 2202 daAuts
     D:7: 2007 daAuts
     D:6: 1708 daAuts
     D:1: 1179 daAuts
     D:3: 1165 daAuts
    D:11: 1005 daAuts
     D:5: 950 daAuts
     D:4: 872 daAuts
     D:2: 863 daAuts
  Temple: 157 daAuts
    D:12: 148 daAuts
   IceCv: 36 daAuts
